 Dungeon Crawl Stone Soup version 0.23.2-30-g0e89c35649 (webtiles) character file.

Game seed: 5941593091450212299

509 Mrkan the Cudgeler (level 7, -3/44 HPs)
             Began as a Gargoyle Monk on June 23, 2019.
             Was a Believer of Ashenzari.
             Splashed by Pikel's acid (16 damage)
             ... on level 4 of the Dungeon.
             The game lasted 00:07:44 (3991 turns).

Mrkan the Cudgeler (Gargoyle Monk)                  Turns: 3991, Time: 00:07:45

Health: -3/44      AC: 12    Str: 16    XL:     7   Next: 19%
Magic:  7/7        EV:  8    Int: 10    God:    Ashenzari [**....]
Gold:   223        SH:  9    Dex: 13    Spells: 6/6 levels left

rFire    + . .     SeeInvis .   a - +0 mace
rCold    . . .     Gourm    .   k - +0 shield (curse)
rNeg     + . .     Faith    .   j - +0 scale mail
rPois    ∞         Spirit   .   (no helmet)
rElec    +         Reflect  .   (no cloak)
rCorr    .         Harm     .   d - +0 pair of gloves
MR       .....                  (no boots)
Stlth    +.........             (no amulet)
HPRegen  0.14/turn              l - ring of protection from fire
MPRegen  0.10/turn              q - +1 ring of protection

@: no status effects
A: negative energy resistance 1, electricity resistance, unbreathing,
petrification resistance, rot immunity, AC +4
a: Curse Item, Scrying, Renounce Religion


You were on level 4 of the Dungeon.
You worshipped Ashenzari.
Ashenzari was pleased with you.
You were not hungry.

You visited 1 branch of the dungeon, and saw 4 of its levels.

You collected 223 gold pieces.

Inventory:

Hand Weapons
 a - a +0 mace (weapon)
Armour
 d - a +0 pair of gloves (worn)
 j - a +0 scale mail (worn)
 k - a cursed +0 shield (worn)
Jewellery
 l - a ring of protection from fire (left hand)
 p - an uncursed ring of wizardry
 q - a +1 ring of protection (right hand)
Wands
 t - a wand of iceblast (4)
Scrolls
 e - a scroll of enchant weapon {unknown}
 g - a scroll of blinking
 h - 2 scrolls of fog {unknown}
 m - 3 scrolls of identify
Potions
 b - 2 potions of heal wounds
 f - 2 potions of might {unknown}
 i - 3 potions of brilliance {unknown}
 n - 2 potions of degeneration {unknown}
 o - a potion of berserk rage {unknown}
 s - 4 potions of curing {unknown}
Comestibles
 c - 4 rations


   Skills:
 + Level 5.2 Fighting
 * Level 6.0 Maces & Flails
 - Level 2.4 Dodging
 - Level 2.1 Stealth
 + Level 3.6(4.9) Shields


You had 6 spell levels left.
You didn't know any spells.
Your spell library was empty.

Dungeon Overview and Level Annotations

Branches:
Dungeon (4/15)
 Temple: D:4-7

Altars:
Ashenzari
Qazlal
Vehumet

Annotations:
D:4 Pikel


Innate Abilities, Weirdness & Mutations

You are resistant to torment.
Your stone body is resilient. (AC +4)
You are immune to poison.
You resist negative energy. (rN+)
You are resistant to electric shocks. (rElec)
You can survive without breathing.
You are immune to petrification.
You are immune to rotting.


Message History

The slave moves out of view.
Found 25 stones.
You see here a potion of heal wounds.
A slave comes into view.
The slave shouts!
You closely miss the slave. You block the slave's attack.
All of the chunks of flesh in your inventory have rotted away.
Pikel says, "You'll feel the lick of my whip!"
You hit the slave.
The slave is lightly wounded.
The slave barely misses you.
Pikel says, "You'll fetch a fair price!"
You hit Pikel.
Pikel is lightly wounded.
You hit Pikel.
Pikel is lightly wounded.
Pikel zaps a wand.
The bolt of acid hits you!
* * * LOW HITPOINT WARNING * * *
You are splashed with acid!
You die...

# # # # , * ###** ** ***
*########### , ,(.. , , ,
,,,..........# .. , ,, ∆,
........#.#
.####.#################.#.#
*
.....ppppK@.........###.#..
......#######..............
, ,..... #.#####.###.#.#
.... #.#####+###.#.# ..p* *
####...........#.. * ,.p ,
, .................. * . *
* ##...........#.. ,
#.............. * * *
#..........##..


You could see Pikel and 4 slaves.

Vanquished Creatures
  An ogre (D:4)
  6 orc wizards
  A hound (D:4)
  An orc priest (D:3)
  Ijyb (D:4)
  A worker ant (D:4)
  A hound skeleton (D:4)
  7 adders
  2 oozes
  2 worms
  3 leopard geckos
  7 orcs
  6 giant cockroaches
  10 goblins
  5 hobgoblins
  2 quokkas
  7 bats
  7 frilled lizards
  4 kobolds
  8 rats
82 creatures vanquished.

Vanquished Creatures (others)
  A quokka (D:3)
1 creature vanquished.

Grand Total: 83 creatures vanquished

Notes
Turn   | Place    | Note
-------+----------+-------------------------------------------
     0 | D:1      | Mrkan the Gargoyle Monk began the quest for the Orb.
     0 | D:1      | Reached XP level 1. HP: 14/14 MP: 1/1
   303 | D:1      | Reached XP level 2. HP: 19/19 MP: 2/2
   962 | D:2      | Reached XP level 3. HP: 18/24 MP: 3/3
  1153 | D:2      | Reached skill level 1 in Shields
  1212 | D:2      | Reached skill level 4 in Maces & Flails
  1281 | D:2      | Reached XP level 4. HP: 24/29 MP: 4/4
  2000 | D:3      | Found a shattered altar of Ashenzari.
  2014 | D:3      | Became a worshipper of Ashenzari the Shackled
  2014 | D:3      | Reached * piety under Ashenzari
  2014 | D:3      | Reached ** piety under Ashenzari
  2039 | D:3      | Found a stormy altar of Qazlal.
  2127 | D:2      | HP: 1/29 [frilled lizard (1)]
  2440 | D:3      | Reached XP level 5. HP: 26/33 MP: 5/5
  2520 | D:3      | Found a radiant altar of Vehumet.
  2711 | D:3      | Reached skill level 5 in Maces & Flails
  3171 | D:3      | Reached XP level 6. HP: 22/39 MP: 6/6
  3832 | D:4      | Noticed Ijyb
  3850 | D:4      | Killed Ijyb
  3850 | D:4      | Reached skill level 5 in Fighting
  3862 | D:4      | Reached XP level 7. HP: 44/44 MP: 7/7
  3902 | D:4      | Reached skill level 6 in Maces & Flails
  3979 | D:4      | Noticed Pikel
  3991 | D:4      | Splashed by Pikel's acid

Skill      XL: |  1  2  3  4  5  6  7 |
---------------+----------------------+-----
Shields        | 1 2 3 |  3.6
Maces & Flails | 4 5 6 |  6.0
Fighting       | 4 5 |  5.2
Dodging        | |  2.4
Stealth        | |  2.1

Action                   |  1- 3 |  4- 6 |  7- 9 || total
-------------------------+-------+-------+-------++-------
Melee: Mace              |   142 |   302 |    15 ||   459
Invok: Curse Item        |       |     1 |       ||     1
  Use: Scroll            |       |     2 |       ||     2
  Eat: Chunk             |     1 |     6 |       ||     7
       Ration            |       |     1 |       ||     1
Armor: Robe              |    26 |       |       ||    26
       Scale mail        |    50 |   184 |     1 ||   235
Dodge: Dodged            |    91 |    94 |     2 ||   187
Block: Shield            |    62 |   135 |     8 ||   205
